 Dungeon Crawl Stone Soup version 0.24-a0-365-ga4d96b6e6e (console) character file.

Game seed: 10726217284072932102

1170 Lexodia the Sneak (level 8, 0/52 HPs)
             Began as a Vampire Enchanter on May 27, 2019.
             Was an Initiate of Wu Jian.
             Slain by an ogre
             ... wielding a +0 giant club
              (22 damage)
             ... on level 7 of the Dungeon.
             The game lasted 00:14:28 (6844 turns).

Lexodia the Sneak (Vampire Enchanter)               Turns: 6844, Time: 00:14:29

Health: 0/52       AC:  2    Str:  7    XL:     8   Next: 17%
Magic:  0/12       EV: 13    Int: 18    God:    Wu Jian [......]
Gold:   160        SH:  0    Dex: 16    Spells: 1/13 levels left

rFire    . . .     SeeInvis +   a - +2 dagger
rCold    + + +     Gourm    .   (no shield)
rNeg     + + +     Faith    +   b - +0 robe
rPois    ∞         Spirit   .   (no helmet)
rElec    .         Reflect  .   (no cloak)
rCorr    .         Harm     .   (no gloves)
MR       .....                  (no boots)
Stlth    ++++++....             j - amulet of faith
HPRegen  0.00/turn              u - ring of protection from cold
MPRegen  0.13/turn              (no ring)

@: about to teleport, bloodless, non-regenerating
A: fangs 3, see invisible, unbreathing
a: Bat Form, Renounce Religion


You were on level 7 of the Dungeon.
You worshipped Wu Jian.
Wu Jian was noncommittal.
You were bloodless.

You visited 2 branches of the dungeon, and saw 9 of its levels.
You also visited: Sewer.

You collected 160 gold pieces.

Inventory:

Hand Weapons
 a - a +2 dagger (weapon)
 q - a +1 rapier of freezing
Armour
 b - a +0 robe (worn)
 m - a cursed +1 shield
Jewellery
 j - an amulet of faith (around neck)
 u - a ring of protection from cold (left hand)
Wands
 p - a wand of paralysis (9)
Scrolls
 e - 2 scrolls of enchant armour
 f - 4 scrolls of enchant weapon
 g - 3 scrolls of remove curse
 i - 3 scrolls of identify
 k - 2 scrolls of teleportation
 v - a scroll of magic mapping
Potions
 c - 2 potions of curing
 d - 6 potions of blood
 h - a potion of lignification {unknown}
 l - 3 potions of flight {unknown}
 n - 2 potions of brilliance {unknown}
 o - 4 potions of heal wounds
 r - a potion of ambrosia {unknown}
 s - 3 potions of mutation {unknown}
 t - a potion of agility {unknown}


   Skills:
 * Level 5.9 Short Blades
 - Level 2.1 Dodging
 + Level 7.3 Stealth
 * Level 4.4 Shields
 - Level 3.0 Spellcasting
 + Level 6.8 Hexes
 - Level 2.0 Ice Magic


You had one spell level left.
You knew the following spells:

 Your Spells              Type           Power        Failure   Level  Hunger
a - Corona                Hex            ####...      1%          1    None
b - Ensorcelled Hibernat  Hex/Ice        ###...       4%          2    ##.....
c - Confuse               Hex            ####....     3%          3    ###....
d - Dazzling Spray        Conj/Hex       ###...       12%         3    ###....
e - Tukima's Dance        Hex            ####....     3%          3    ###....

Your spell library contained the following spells:

 Spells                   Type           Power        Failure   Level  Hunger


Dungeon Overview and Level Annotations

Branches:
Dungeon (8/15)             Temple (1/1) D:6
   Lair: D:8-11

Altars:
Ashenzari
Cheibriados
Dithmenos
Elyvilon
Fedhas
Gozag
Kikubaaqudgha
Makhleb
Nemelex Xobeh
Okawaru
Qazlal
Ru
Sif Muna
Trog
Uskayaw
Vehumet
Wu Jian
Xom
Yredelemnul
Zin
The Shining One


Innate Abilities, Weirdness & Mutations

You do not heal naturally.
You are immune to poison.
You have razor-sharp teeth.
You have supernaturally acute eyesight. (SInv)
You can survive without breathing.


Message History

Confirm with . or Enter, or press ? or * to list all spells.
Aiming: Ensorcelled Hibernation (safe; 4% risk of failure)
Press: ? - help, Shift-Dir - straight line, f/p - hippogriff
Aim: a hippogriff (chance to defeat MR: 44%)
The hippogriff resists with some effort.
The hippogriff completely misses you. x3
Okay, then.
You hit the hippogriff.
The hippogriff is lightly wounded.
You hit the hippogriff but do no damage.
You bite the hippogriff.
You draw the hippogriff's blood!
You feel better.
You feel slightly less thirsty.
The hippogriff is lightly wounded.
The ogre hits you with a +0 giant club! The hippogriff completely misses you.
The hippogriff pecks you. The hippogriff misses you.
Huge Dmg: -19%(-10hp) hp: 66%(34hp)
The hippogriff bites you. The hippogriff pecks you.
The hippogriff closely misses you.
The ogre hits you with a +0 giant club!!
You die...

........## ##.
.........## #.#
..........# ##.#
......[...## #..#
...........# #.##
...........# ##.#
..........## #..#
.........## ##H##
.........# #@.#
.........## ##O.#
..........#####..##
......####........#
...^## ###.####.#
#### ### ##


You could see a hippogriff and an ogre.

Vanquished Creatures
  A sky beast (D:6)
  A phantom (D:6)
  2 ice beasts (D:6)
  2 ogres
  A big kobold (Sewer)
  2 bullfrogs (D:6)
  A crimson imp (D:6)
  A bullfrog zombie (D:7)
  2 bullfrog skeletons (D:4)
  2 hounds
  2 worker ants
  A worker ant zombie (D:6)
  2 gnolls (D:4)
  8 adders
  2 river rats (Sewer)
  2 oozes
  An adder zombie (D:6)
  6 worms
  A dart slug (D:4)
  4 leopard geckos
  9 orcs
  2 giant cockroaches (D:2)
  6 goblins
  5 hobgoblins
  7 jackals
  6 kobolds
  4 quokkas
  2 ball pythons
  2 frilled lizards
  A giant cockroach zombie (D:6)
  2 leopard gecko skeletons
  A quokka skeleton (D:6)
  5 rats
96 creatures vanquished.

Notes
Turn   | Place    | Note
-------+----------+-------------------------------------------
     0 | D:1      | Lexodia the Vampire Enchanter began the quest for the Orb.
     0 | D:1      | Reached XP level 1. HP: 13/13 MP: 3/3
   239 | D:1      | Huge Dmg: 3 dmg
   240 | D:1      | Reached XP level 2. HP: 12/19 MP: 3/5
   251 | D:1      | Learned a level 2 spell: Ensorcelled Hibernation
   326 | D:1      | Huge Dmg: 5 dmg
   331 | D:1      | Huge Dmg: 2 dmg
   339 | D:1      | Huge Dmg: 2 dmg
   941 | D:2      | Found a snail-covered altar of Cheibriados.
  1002 | D:2      | Huge Dmg: 4 dmg
  1096 | D:2      | Reached XP level 3. HP: 20/24 MP: 1/6
  1826 | D:2      | Found a radiant altar of Vehumet.
  1831 | D:2      | Reached skill level 1 in Shields
  1832 | D:2      | Huge Dmg: 8 dmg
  1911 | D:2      | Learned a level 3 spell: Confuse
  2111 | D:2      | Reached skill level 5 in Stealth
  2112 | D:2      | Found a sparkling altar of Nemelex Xobeh.
  2279 | D:3      | Reached XP level 4. HP: 30/30 MP: 7/7
  2417 | D:4      | Reached skill level 1 in Ice Magic
  2553 | D:4      | Huge Dmg: 6 dmg
  2556 | D:4      | Huge Dmg: 5 dmg
  2559 | D:4      | Huge Dmg: 3 dmg
  2565 | D:4      | Huge Dmg: 5 dmg
  2577 | D:4      | Reached skill level 5 in Hexes
  2577 | D:4      | Reached XP level 5. HP: 12/35 MP: 1/8
  3241 | D:5      | Entered Level 5 of the Dungeon
  3249 | D:4      | Found a blossoming altar of Fedhas.
  3327 | D:5      | Noticed an ogre
  3335 | D:5      | Killed an ogre
  3406 | D:5      | Found a glowing drain.
  3431 | Sewer    | Entered a sewer
  3586 | Sewer    | Reached XP level 6. HP: 41/41 MP: 6/10
  3657 | Sewer    | Found a glowing silver altar of Zin.
  4295 | D:4      | Huge Dmg: 13 dmg
  4296 | D:4      | Reached skill level 6 in Stealth
  4930 | D:5      | Found a sacrificial altar of Ru.
  5218 | D:6      | Reached XP level 7. HP: 46/46 MP: 8/11
  5329 | D:6      | Huge Dmg: 8 dmg
  5333 | D:6      | Huge Dmg: 6 dmg
  5337 | D:6      | Huge Dmg: 6 dmg
  5341 | D:6      | Huge Dmg: 2 dmg
  5806 | D:6      | Huge Dmg: 9 dmg
  5807 | D:6      | Reached skill level 5 in Short Blades
  5970 | D:6      | Found a staircase to the Ecumenical Temple.
  5979 | Temple   | Entered the Ecumenical Temple
  6172 | Temple   | Became a worshipper of the Wu Jian Council
  6242 | D:6      | Huge Dmg: 7 dmg
  6247 | D:6      | Huge Dmg: 7 dmg
  6248 | D:6      | Reached skill level 7 in Stealth
  6345 | D:6      | Reached XP level 8. HP: 46/52 MP: 12/12
  6770 | D:7      | Learned a level 3 spell: Dazzling Spray
  6774 | D:7      | Learned a level 3 spell: Tukima's Dance
  6828 | D:7      | Noticed a hippogriff
  6844 | D:7      | Huge Dmg: 10 dmg
  6844 | D:7      | Slain by an ogre

Levels and vault maps discovered:
D:1:      dpeg_arrival_orchard, layout_loops_ring, minmay_tromino_mix6
D:2:      minmay_chambers_of_ones, layout_basic, cheibriados_altar_1,
          vehumet_crystals, chequers_serial_rivers_small_a,
          nemelex_dance_club_becter
D:3:      layout_basic, chequers_serial_rivers_marsh, lemuel_another_geyser
D:4:      layout_basic, kennysheep_mini_moat, first_ration,
          kennysheep_another_room
D:5:      layout_rooms, cheibrodos_sewer_entry_drain,
          nicolae_ru_great_annihilating_truth
D:6:      kennysheep_spiral_hall, layout_basic, minmay_temple_entry_overgrown
D:7:      layout_cave_pods, uniq_menkaure
D:8:      layout_rooms, lemuel_crystal_altar
Temple:   dpeg_five_rooms_temple

Skill      XL: |  1  2  3  4  5  6  7 |
---------------+----------------------+-----
Short Blades   | 2 3 4 5 |  5.9
Shields        | 1 2 3 4 |  4.4
Stealth        | 5 6 7 |  7.3
Ice Magic      | 1 2 |  2.0
Hexes          | 5 6 |  6.8
Spellcasting   | 3 |  3.0
Dodging        | |  2.1

Action                   |  1- 3 |  4- 6 |  7- 9 || total
-------------------------+-------+-------+-------++-------
Melee: Dagger            |    75 |    60 |    51 ||   186
       Bite              |     9 |     4 |     7 ||    20
       Rapier            |       |    13 |    17 ||    30
 Cast: Corona            |     6 |       |       ||     6
       Ensorcelled Hiber |    14 |    22 |     8 ||    44
       Confuse           |       |     3 |    14 ||    17
Invok: Lunge             |       |       |     9 ||     9
 Abil: End Transformatio |       |     2 |       ||     2
       Bat Form          |       |     2 |       ||     2
  Use: Potion            |       |     6 |     3 ||     9
       Scroll            |       |     7 |     1 ||     8
 Stab: Sleeping          |    23 |    37 |    14 ||    74
       Confused          |       |     2 |     7 ||     9
       Distracted        |       |       |     1 ||     1
Armor: Robe              |     8 |     6 |       ||    14
Dodge: Dodged            |    28 |    32 |    25 ||    85

Table legend:
 A = Non-vault XP
 B = Vault XP
 C = Vault XP percentage of total XP
 D = Non-vault monster count
 E = Vault monster count
 F = Vault count percentage of total count
                 A         B        C        D         E       F
            +---------+---------+-------+---------+---------+-------
      Total |    1423 |     249 |  14.9 |      69 |      27 |  28.1
            +---------+---------+-------+---------+---------+-------
        D:1 |      10 |       9 |  47.4 |       6 |       2 |  25.0
        D:2 |      55 |      22 |  28.6 |      14 |       7 |  33.3
        D:3 |      16 |       0 |   0.0 |       8 |       0 |   0.0
        D:4 |     258 |       0 |   0.0 |      12 |       0 |   0.0
        D:5 |     193 |      21 |   9.8 |      11 |       7 |  38.9
        D:6 |     782 |      74 |   8.6 |      13 |       4 |  23.5
        D:7 |     109 |       0 |   0.0 |       5 |       0 |   0.0
      Sewer |       0 |     123 | 100.0 |       0 |       7 | 100.0
            +---------+---------+-------+---------+---------+-------
